 Dungeon Crawl Stone Soup version 0.23-a0-405-g368ce00 (webtiles) character file.

90372 galech the Protected (level 15, -9/129 HPs)
             Began as a Demonspawn Fighter on Nov 5, 2018.
             Was the Champion of Okawaru.
             Mangled by an orc warrior
             ... wielding a +0 glaive
             ... led by an orc warlord
              (13 damage)
             ... on level 1 of the Orcish Mines on Nov 6, 2018.
             The game lasted 00:48:19 (21940 turns).

galech the Protected (Demonspawn Fighter)          Turns: 21940, Time: 00:48:21

Health: -9/129     AC: 46    Str: 26    XL:     15   Next: 52%
Magic:  17/17      EV: 19    Int: 17    God:    Okawaru [******]
Gold:   1730       SH:  0    Dex: 23    Spells: 14/14 levels left

rFire    . . .     SeeInvis .   w - +10 morningstar "Eos" {elec, Halo rElec}
rCold    + + +     Gourm    .   y - +6 large shield of Uluagi {+Blink +Fly rC+ Stlth-}
rNeg     . . .     Faith    .   H - +14 plate armour of Eteb {rElec Int+2}
rPois    .         Spirit   .   V - +2 hat
rElec    +         Reflect  .   B - +0 cloak
rCorr    .         Harm     .   X - +2 pair of gloves of Philately {rC+++ MR- Int+4}
MR       .....                  (no boots)
Stlth    ..........             (no amulet)
HPRegen  0.31/turn              K - +4 ring of protection
MPRegen  0.15/turn              I - +5 ring of strength

@: confused, mighty, agile, lethally poisoned (-9 -> -28), heroism, glowing
A: talons 2, iridescent scales 1, demonic guardian 1, powered by pain 3, robust
1
a: Heroism, Finesse, Renounce Religion, Evoke Blink, Evoke Flight


You were on level 1 of the Orcish Mines.
You worshipped Okawaru.
Okawaru was exalted by your worship.
You were not hungry.

You visited 4 branches of the dungeon, and saw 21 of its levels.
You also visited: Labyrinth and Ice Cave.

You collected 1730 gold pieces.

Inventory:

Hand Weapons
 w - the +10 morningstar "Eos" (weapon) {elec, Halo rElec}
   (You found it on level 5 of the Dungeon)

   Occasionally, upon striking a foe, it will discharge some electrical energy
   and cause terrible harm.
   It insulates you from electricity.
 S - a +4 scimitar of flaming
Armour
 m - a +0 chain mail of fire resistance
 p - the +3 chain mail of Qoebb {+Fly rCorr Int-3 Stlth+}
   (You found it in a labyrinth)

   It affects your intelligence (-3).
   It lets you fly.
   It provides partial protection from all sources of acid and corrosion.
   It makes you more stealthy.
 y - the +6 large shield of Uluagi (worn) {+Blink +Fly rC+ Stlth-}
   (Okawaru gifted it to you on level 5 of the Lair of Beasts)

   It protects you from cold.
   It lets you fly.
   It lets you blink.
   It makes you less stealthy.
 B - a +0 cloak (worn)
 H - the +14 plate armour of Eteb (worn) {rElec Int+2}
   (You found it on level 4 of the Lair of Beasts)

   It affects your intelligence (+2).
   It insulates you from electricity.
 V - a +2 hat (worn)
 X - the +2 pair of gloves of Philately (worn) {rC+++ MR- Int+4}
   (Okawaru gifted it to you on level 1 of the Lair of Beasts)

   It affects your intelligence (+4).
   It renders you almost immune to cold.
   It affects your resistance to hostile enchantments.
Jewellery
 c - an uncursed ring of protection from cold
 e - an uncursed ring of poison resistance
 h - a +3 ring of strength
 n - an uncursed ring of magical power
 o - an uncursed ring of see invisible
 I - a +5 ring of strength (right hand)
 K - a +4 ring of protection (left hand)
Wands
 t - a wand of polymorph (11)
Scrolls
 i - 5 scrolls of enchant weapon
 j - 4 scrolls of blinking
 k - a scroll of identify
 l - 5 scrolls of fear
 q - 11 scrolls of remove curse
 r - a scroll of summoning {unknown}
 s - 7 scrolls of teleportation
 A - a scroll of brand weapon
 D - 2 scrolls of fog
 T - 6 scrolls of enchant armour
 W - a scroll of amnesia
Potions
 b - 3 potions of berserk rage
 d - 3 potions of might
 g - 5 potions of lignification
 u - 5 potions of magic
 v - 8 potions of curing
 x - 3 potions of brilliance
 z - 2 potions of degeneration
 C - a potion of ambrosia
 F - 3 potions of haste
 G - 2 potions of agility
 J - 2 potions of invisibility
 L - 4 potions of flight
 M - 3 potions of resistance
 O - 8 potions of mutation
Comestibles
 a - 5 chunks of flesh
 f - 28 rations


   Skills:
 + Level 11.1(16.1) Fighting
   Level 5.6(16.0) Axes
 + Level 14.3(19.7) Maces & Flails
 + Level 14.8(19.8) Armour
 + Level 5.3(10.3) Dodging
 + Level 3.6(8.6) Stealth
 + Level 9.9(14.9) Shields
 + Level 0.7(5.7) Unarmed Combat
 + Level 3.9 Invocations
 + Level 0.5 Evocations


You had 14 spell levels left.
You didn't know any spells.
Your spell library contained the following spells:

 Spells                   Type           Power        Failure   Level  Hunger
 Animate Skeleton         Necr           N/A          99%         1    ##.....
 Apportation              Tloc           #.....       99%         1    ##.....
 Confusing Touch          Hex            #.....       99%         1    ##.....
 Corona                   Hex            #......      99%         1    ##.....
 Infusion                 Chrm           #...         99%         1    ##.....
 Pain                     Necr           #...         99%         1    ##.....
 Shock                    Conj/Air       #...         99%         1    ##.....
 Summon Small Mammal      Summ           #...         99%         1    ##.....
 Ensorcelled Hibernation  Hex/Ice        #.....       100%        2    ###....
 Shroud of Golubria       Chrm/Tloc      #.........   100%        2    ###....
 Slow                     Hex            #.......     100%        2    ###....
 Song of Slaying          Chrm           #.......     100%        2    ###....
 Swiftness                Chrm/Air       #.......     100%        2    ###....
 Throw Frost              Conj/Ice       #.....       100%        2    ###....
 Confuse                  Hex            #.......     100%        3    ####...
 Dazzling Spray           Conj/Hex       #.....       100%        3    ####...
 Gell's Gravitas          Tloc           #.........   100%        3    ####...
 Inner Flame              Hex/Fire       #.......     100%        3    ####...
 Mephitic Cloud           Conj/Pois/Air  #.......     100%        3    ####...
 Ozocubu's Armour         Chrm/Ice       #.......     100%        3    ####...
 Portal Projectile        Hex/Tloc       #.....       100%        3    ####...
 Regeneration             Chrm/Necr      #.........   100%        3    ####...
 Spectral Weapon          Hex/Chrm       #.......     100%        3    ####...
 Static Discharge         Conj/Air       #.......     100%        3    ####...
 Tukima's Dance           Hex            #.......     100%        3    ####...
 Vampiric Draining        Necr           #.........   100%        3    ####...
 Airstrike                Air            #.........   100%        4    #####..
 Animate Dead             Necr           N/A          100%        4    #####..
 Cause Fear               Hex            #.........   100%        4    #####..
 Leda's Liquefaction      Hex/Erth       #.........   100%        4    #####..
 Petrify                  Tmut/Erth      #.......     100%        4    #####..
 Bolt of Magma            Conj/Fire/Erth #.........   100%        5    ######.
 Iskenderun's Battlesphe  Conj/Chrm      #.......     100%        5    ######.
 Lightning Bolt           Conj/Air       #.........   100%        5    ######.
 Metabolic Englaciation   Hex/Ice        #.........   100%        5    ######.
 Silence                  Hex/Air        #.........   100%        5    ######.
 Venom Bolt               Conj/Pois      #.........   100%        5    ######.
 Yara's Violent Unravell  Hex/Tmut       #.........   100%        5    ######.
 Deflect Missiles         Chrm/Air       #.........   100%        6    #######
 Iron Shot                Conj/Erth      #.........   100%        6    #######
 Orb of Destruction       Conj           #.........   100%        7    #######
 Ring of Flames           Chrm/Fire      #.........   100%        7    #######
 Spellforged Servitor     Conj/Summ      #.........   100%        7    #######
 Discord                  Hex            #.........   100%        8    #######


Dungeon Overview and Level Annotations

Branches:
Dungeon (12/15)            Temple (1/1) D:6            Lair (6/6) D:8
  Swamp (0/4) Lair:2       Spider (0/4) Lair:3        Slime (0/5) Lair:5
    Orc (2/2) D:12
    Elf: Orc:2

Altars:
Ashenzari
Cheibriados
Dithmenos
Elyvilon
Fedhas
Gozag
Hepliaklqana
Kikubaaqudgha
Nemelex Xobeh
Okawaru
Qazlal
Ru
Sif Muna
Trog
Uskayaw
Vehumet
Wu Jian
Xom
Yredelemnul
Zin
The Shining One
Jiyva

Shops:
D:7 %   Orc:1 :


Innate Abilities, Weirdness & Mutations

You have razor-sharp toenails.
You are partially covered in iridescent scales. (AC +2)
A weak demonic guardian rushes to your aid.
You are powered by pain.
You are robust. (+10% HP)


Message History

You barely miss the orc warlord. You claw the orc warlord!
The orc warlord is heavily wounded.
You feel sick.
The orc wizard hits you but does no damage.
The orc hits you but does no damage.
You are more poisoned.
The orc wizard misses you.
The orc warrior hits you but does no damage.
The orc warlord hits you with a +0 battleaxe!!
* * * LOW HITPOINT WARNING * * *
You focus on the pain.
You feel agile all of a sudden.
You puncture the orc wizard!
Lightning courses through the orc wizard!
You kill the orc wizard!
Okawaru accepts your kill.
* * * LOW HITPOINT WARNING * * *
You feel sick.
The orc warrior hits you with a +0 glaive!
You die...

####.#......#....##.......##.#...
.##...#....#.#..^.............#..
......#.#.............#>.....##..
.............#..............#....
..................#....#........#
........................#........
..............5..................
............#..ooo...........#...
...............o@o..............#
...............oo)...........#..#
.).#..............#.........#....
)[.........#................##..#
.[...#................∩....######
............#............#..##
.............................#
).)).......#................##
.<)....##.................###


You could see an orc warlord, 4 orc warriors, an orc wizard (invisible), an orc
and a friendly ufetubus.

Vanquished Creatures
  The ghost of Garbasso the Devastator, an adept DEFE of Vehumet (Lair:2)
  Gastronok (Lair:2)
  A frost giant (IceCv)
  A minotaur (Lab)
  4 hydras
  A centaur warrior (D:11)
  Erica (D:10)
  5 two-headed ogres
  3 death yaks (Lair:3)
  An unseen horror (D:11)
  An orc sorcerer (Orc:1)
  2 ugly things
  7 oklob plants
  A manticore (D:11)
  A cyclops (D:12)
  Maurice (D:8)
  Joseph (D:9)
  An ice statue (IceCv)
  6 elephants
  A torpor snail (Lair:4)
  3 gargoyles
  13 spiny frogs
  7 rime drakes (Lair:6)
  9 komodo dragons
  6 jumping spiders (Lair:3)
  3 trolls
  23 polar bears
  4 hornets (Lair:6)
  16 blink frogs
  Prince Ribbit (D:7)
  5 slime creatures
  7 hippogriffs
  10 dream sheep
  6 redbacks
  3 shadows
  14 spriggans
  3 vampires
  29 yaks
  3 basilisks
  A hog (D:11)
  A wraith (D:11)
  3 hungry ghosts
  2 wargs (Orc:1)
  6 water moccasins
  8 porcupines
  21 orc warriors
  A hornet zombie (D:10)
  10 black bears
  3 ice beasts
  3 necrophages
  2 phantoms
  2 sky beasts
  7 ogres
  42 wolves
  4 boggarts (Lair:6)
  11 crocodiles
  3 big kobolds
  A wyvern zombie (D:10)
  13 bullfrogs
  A water moccasin zombie (D:9)
  2 scorpions (D:11)
  2 electric eels
  4 wights (D:9)
  2 howler monkeys
  5 crimson imps
  4 hounds
  13 orc priests
  A centaur zombie (D:11)
  3 jellies (Lair:2)
  A gnoll shaman (D:7)
  23 orc wizards
  Crazy Yiuf (D:7)
  3 iguanas (Lair:2)
  9 worker ants
  A hound skeleton (D:4)
  13 gnolls
  2 worker ant zombies (D:11)
  12 adders
  2 shadow imps (D:5)
  12 white imps (Lair:5)
  2 adder skeletons
  5 worms
  2 dart slugs
  3 leopard geckos
  73 orcs
  5 giant cockroaches
  10 goblins
  7 hobgoblins
  11 jackals
  18 kobolds
  3 quokkas
  2 ball pythons (D:4)
  5 bats
  4 frilled lizards
  A quokka skeleton (D:5)
  A quokka zombie (D:9)
  7 rats
  A fungus (D:7)
  8 plants (Lair:1)
634 creatures vanquished.

Vanquished Creatures (collateral kills)
  A spiny frog (Lair:2)
  A troll (D:10)
  A hippogriff (Lair:3)
  A blink frog (Lair:5)
  3 redbacks
  2 yaks
  A gnoll sergeant (D:4)
  A wight (D:9)
  2 orc wizards (D:2)
  2 gnolls (D:6)
  A leopard gecko (D:8)
  6 orcs
  A giant cockroach (D:2)
  A goblin (D:2)
  A jackal (D:6)
  2 kobolds
27 creatures vanquished.

Vanquished Creatures (others)
  A fungus (Lair:5)
  6 plants (Lair:6)
7 creatures vanquished.

Grand Total: 668 creatures vanquished

Notes
Turn   | Place    | Note
-------+----------+-------------------------------------------
     0 | D:1      | galech the Demonspawn Fighter began the quest for the Orb.
     0 | D:1      | Reached XP level 1. HP: 18/18 MP: 1/1
   115 | D:1      | Gained mutation: A weak demonic guardian rushes to your
                  | aid. [demonic ancestry]
   115 | D:1      | Reached XP level 2. HP: 24/24 MP: 2/2
   640 | D:1      | Reached XP level 3. HP: 29/29 MP: 3/3
   997 | D:2      | Noticed an orc warrior
  1002 | D:2      | Reached XP level 4. HP: 25/35 MP: 4/4
  1015 | D:2      | Killed an orc warrior
  1015 | D:2      | Gained mutation: You sometimes gain a little power by
                  | taking damage. [demonic ancestry]
  1015 | D:2      | Reached XP level 5. HP: 21/41 MP: 5/5
  1764 | D:3      | Noticed a sky beast
  1783 | D:3      | Killed a sky beast
  1783 | D:3      | Reached skill level 1 in Dodging
  1783 | D:3      | Gained mutation: You have sharp toenails. [demonic
                  | ancestry]
  1783 | D:3      | Reached XP level 6. HP: 34/47 MP: 6/6
  2535 | D:4      | Found an ancient bone altar of Kikubaaqudgha.
  2539 | D:4      | Found an opulent altar of Gozag.
  2544 | D:4      | Found a glowing silver altar of Zin.
  2606 | D:4      | Found a bloodstained altar of Trog.
  2789 | D:4      | Reached XP level 7. HP: 39/53 MP: 7/7
  2905 | D:4      | Reached skill level 5 in Axes
  3374 | D:5      | Entered Level 5 of the Dungeon
  3734 | D:5      | Found the +10 morningstar "Eos" {elec, Halo rElec}
  3807 | D:5      | Found a bloodstained altar of Trog.
  4195 | D:6      | Reached XP level 8. HP: 60/61 MP: 8/8
  4210 | D:6      | Reached skill level 1 in Maces & Flails
  4578 | D:6      | Found a staircase to the Ecumenical Temple.
  4639 | Temple   | Entered the Ecumenical Temple
  4711 | Temple   | Became a worshipper of Warmaster Okawaru
  4999 | D:7      | Found a sparkling altar of Nemelex Xobeh.
  5028 | D:7      | Noticed Prince Ribbit
  5041 | D:7      | Killed Prince Ribbit
  5059 | D:7      | Found Cextyste's Food Boutique.
  5085 | D:7      | Reached skill level 5 in Armour
  5085 | D:7      | Reached skill level 5 in Shields
  5185 | D:7      | Reached * piety under Okawaru
  5185 | D:7      | Reached skill level 5 in Fighting
  5185 | D:7      | Reached skill level 5 in Maces & Flails
  5185 | D:7      | Reached XP level 9. HP: 67/68 MP: 9/9
  5216 | D:7      | Found a runed door.
  5220 | D:7      | Noticed Crazy Yiuf
  5222 | D:7      | Killed Crazy Yiuf
  5749 | D:8      | Found a staircase to the Lair.
  5762 | D:8      | Reached ** piety under Okawaru
  5771 | D:8      | Noticed Maurice
  5784 | D:8      | Killed Maurice
  6328 | D:9      | Found a shadowy altar of Dithmenos.
  6400 | D:9      | Reached XP level 10. HP: 58/77 MP: 10/10
  6510 | D:9      | Reached *** piety under Okawaru
  6510 | D:9      | Reached skill level 1 in Stealth
  6592 | D:9      | Noticed Joseph
  6605 | D:9      | Killed Joseph
  7002 | D:10     | Entered Level 10 of the Dungeon
  7002 | D:10     | Noticed Erica
  7016 | D:10     | Killed Erica
  7140 | D:10     | Reached **** piety under Okawaru
  7449 | D:10     | Noticed a two-headed ogre
  7454 | D:10     | Killed a two-headed ogre
  7565 | D:10     | Noticed a two-headed ogre
  7571 | D:10     | Killed a two-headed ogre
  7584 | D:10     | Found a glowing golden altar of the Shining One.
  7612 | D:10     | Reached skill level 1 in Invocations
  7612 | D:10     | Gained mutation: You sometimes gain power by taking damage.
                  | [demonic ancestry]
  7612 | D:10     | Reached XP level 11. HP: 65/85 MP: 11/11
  7703 | D:10     | Reached ***** piety under Okawaru
  7965 | Lair:1   | Entered Level 1 of the Lair of Beasts
  7993 | Lair:1   | Reached skill level 10 in Maces & Flails
  8709 | Lair:1   | Received a gift from Okawaru
  8712 | Lair:1   | Got a pair of scorched gloves {god gift}
  8723 | Lair:1   | Identified the +2 pair of gloves of Philately {rC+++ MR-
                  | Int+4} (Okawaru gifted it to you on level 1 of the Lair of
                  | Beasts)
  9343 | Lair:1   | Noticed an oklob plant
  9391 | Lair:1   | Noticed an oklob plant
  9396 | Lair:1   | Killed an oklob plant
  9631 | Lair:1   | Killed an oklob plant
  9638 | Lair:1   | Noticed an oklob plant
  9729 | Lair:1   | Killed an oklob plant
  9749 | Lair:1   | Noticed an oklob plant
  9755 | Lair:1   | Killed an oklob plant
 10692 | Lair:2   | Found a labyrinth entrance.
 10719 | Lab      | Entered a labyrinth
 10783 | Lab      | Found an exit through the horrors of the Abyss.
 10837 | Lab      | Found an exit through the horrors of the Abyss.
 10861 | Lab      | Found an exit through the horrors of the Abyss.
 11035 | Lab      | Found an exit through the horrors of the Abyss.
 11337 | Lab      | Gained mutation: You are powered by pain. [demonic
                  | ancestry]
 11337 | Lab      | Reached XP level 12. HP: 81/94 MP: 13/13
 11391 | Lab      | Found an exit through the horrors of the Abyss.
 11696 | Lab      | Found an exit through the horrors of the Abyss.
 12004 | Lab      | Found an exit through the horrors of the Abyss.
 12185 | Lab      | Found an exit through the horrors of the Abyss.
 12345 | Lab      | Found an exit through the horrors of the Abyss.
 12386 | Lab      | Found an exit through the horrors of the Abyss.
 12449 | Lab      | Found an exit through the horrors of the Abyss.
 12581 | Lab      | Noticed a minotaur
 12590 | Lab      | Killed a minotaur
 12591 | Lab      | Identified Jakhigell's Disquisition on Envenoming and
                  | Protection
 12602 | Lab      | Got an encrusted chain mail
 12602 | Lab      | Got a turquoise-encrusted chain mail
 12723 | Lair:2   | Identified the +3 chain mail of Qoebb {+Fly rCorr Int-3
                  | Stlth+} (You found it in a labyrinth)
 12733 | Lair:2   | Identified the +1 chain mail of Broken Taboos {+Fly Regen+
                  | Int+4} (You found it in a labyrinth)
 12743 | Lair:2   | Found a runed gate.
 12914 | Lair:2   | Found a runed gate.
 12915 | Lair:2   | Found a runed gate.
 12916 | Lair:2   | Noticed Garbasso's ghost (adept DEFE)
 12921 | Lair:2   | Found a viscous altar of Jiyva.
 12964 | Lair:2   | Killed Garbasso's ghost
 12964 | Lair:2   | Received a gift from Okawaru
 13324 | Lair:2   | Found a staircase to the Swamp.
 13324 | Lair:2   | Noticed a four-headed hydra
 13330 | Lair:2   | Killed a four-headed hydra
 13330 | Lair:2   | Received a gift from Okawaru
 13393 | Lair:2   | Received a gift from Okawaru
 13397 | Lair:2   | Noticed Gastronok
 13406 | Lair:2   | Killed Gastronok
 13749 | Lair:2   | Upgraded the game from 0.23-a0-404-g0063841 to
                  | 0.23-a0-405-g368ce00
 13881 | Lair:3   | Noticed a death yak
 13883 | Lair:3   | Noticed a death yak
 13885 | Lair:3   | Noticed a death yak
 13891 | Lair:3   | Killed a death yak
 13898 | Lair:3   | Killed a death yak
 13903 | Lair:3   | Killed a death yak
 13903 | Lair:3   | Received a gift from Okawaru
 14025 | Lair:3   | Found a hole to the Spider Nest.
 14034 | Lair:3   | Gained mutation: You are partially covered in iridescent
                  | scales. (AC +2) [demonic ancestry]
 14034 | Lair:3   | Reached XP level 13. HP: 71/102 MP: 15/15
 14949 | Lair:3   | Gained mutation: You have razor-sharp toenails. [demonic
                  | ancestry]
 14949 | Lair:3   | Reached XP level 14. HP: 109/109 MP: 16/16
 15275 | Lair:4   | Found a runed door.
 15719 | Lair:4   | Got a spiked plate armour
 15730 | Lair:4   | Identified the +14 plate armour of Eteb {rElec Int+2} (You
                  | found it on level 4 of the Lair of Beasts)
 15826 | Lair:5   | Received a gift from Okawaru
 15834 | Lair:5   | Got a translucent large shield {god gift}
 15864 | Lair:5   | Identified the +6 large shield of Uluagi {+Blink +Fly rC+
                  | Stlth-} (Okawaru gifted it to you on level 5 of the Lair of
                  | Beasts)
 15879 | Lair:5   | Found a frozen archway.
 15926 | IceCv    | Entered an ice cave
 15933 | IceCv    | Reached skill level 5 in Dodging
 16257 | IceCv    | Noticed a frost giant
 16271 | IceCv    | Killed a frost giant
 16271 | IceCv    | Reached skill level 10 in Fighting
 17313 | Lair:5   | Found a staircase to the Slime Pits.
 17651 | Lair:6   | Entered Level 6 of the Lair of Beasts
 18068 | Lair:6   | Received a gift from Okawaru
 18215 | Lair:6   | Reached ****** piety under Okawaru
 18219 | Lair:6   | Gained mutation: You are robust. (+10% HP) [demonic
                  | ancestry]
 18219 | Lair:6   | Reached XP level 15. HP: 61/128 MP: 17/17
 19803 | D:11     | Identified the Reference Book on the Fetching Snowflakes
 19831 | D:11     | Found a huge runed gate.
 19831 | D:11     | Found a huge runed gate.
 19831 | D:11     | Found a huge runed gate.
 19831 | D:11     | Found a huge runed gate.
 20938 | D:12     | Found a blossoming altar of Fedhas.
 21079 | D:12     | Found a staircase to the Orcish Mines.
 21104 | Orc:1    | Entered Level 1 of the Orcish Mines
 21540 | Orc:1    | Found Ejeuff's Book Shop.
 21726 | Orc:2    | Entered Level 2 of the Orcish Mines
 21726 | Orc:2    | Noticed an orc warlord
 21734 | Orc:1    | Paralysed by an orc sorcerer for 5 turns
 21939 | Orc:1    | HP: 6/129 [orc warlord/+0 battleaxe (22)]
 21940 | Orc:1    | Mangled by an orc warrior

Vault maps used:
D:1:      enne_arrival_octagon_isle, kennysheep_decorative_pillar
D:2:      minmay_tetromino_o2
D:3:      cheibrodos_helix_gallery
D:4:      bloody_trog, gammafunk_temple_overflow_forgotten, first_ration,
          lightli_minifort
D:5:      trog_three_pillars_becter
D:6:      minmay_temple_entry_butterflies
D:7:      nemelex_xobeh_ov_fountains_minmay, serial_shops, shop,
          uniq_crazy_yiuf_cottage, uniq_prince_ribbit1
D:8:      lair_entry_dummy, the_bakery, nicolae_straight_to_the_point,
          uniq_maurice
D:9:      lemuel_round_altar, uniq_joseph
D:10:     basic_altar, uniq_erica
D:11:     lemuel_bear_cage, minmay_misc_feat_x
D:12:     erik_orc_2, basic_altar
Temple:   nicolae_temple_elliptical
Lair:1:   minmay_lair_oklob_tunnel, minivault_24, grunt_megastairs_4
Lair:2:   minmay_swamp_entry_reptiles, gammafunk_ghost_ooze, lab_entry_generic,
          serial_bayou_crossing, uniq_gastronok
Lair:3:   nicolae_spider_entry_tight_spaces, nicolae_quartered_pool_super,
          beast_lair_carwin_4, grunt_megastairs_5
Lair:4:   serial_bayou_lagoon_a, pf_torpor_hydra
Lair:5:   minmay_slime_entry_oklob_enclosed, portal_ice_cave_entry_imps,
          minmay_hedge_maze, serial_bayou_shore_b
Lair:6:   minmay_lair_end_enchanted_forest, minmay_lair_drake_nest
Orc:1:    serial_shops, shop
Orc:2:    grunt_orc_tribal_feast
Lab:      nicolae_lab_big_swirl, nicolae_lab_dead_end, nicolae_lab_flowing_pool,
          lab_block
IceCv:    ice_cave_small_giant

Skill      XL: |  1  2  3  4  5  6  7  8  9 10 11 12 13 14 15 |
---------------+----------------------------------------------+-----
Axes           | 2 3 4 5 |  5.6
Armour         | 3 4 5 6 7 9 12 14 | 14.8
Shields        | 3 4 5 6 7 8 9 |  9.9
Dodging        | 1 2 4 5 |  5.3
Fighting       | 4 5 6 7 8 9 10 11 | 11.1
Maces & Flails | 5 7 9 11 12 13 14 | 14.3
Stealth        | 1 2 3 |  3.6
Invocations    | 1 3 |  3.9
Unarmed Combat | |  0.7
Evocations     | |  0.5

Action                   |  1- 3 |  4- 6 |  7- 9 | 10-12 | 13-15 || total
-------------------------+-------+-------+-------+-------+-------++-------
Melee: War axe           |    91 |   209 |    59 |       |       ||   359
       Kick              |       |    38 |    56 |   162 |   248 ||   504
       Morningstar       |       |       |   148 |   374 |   775 ||  1297
       Unarmed           |       |       |       |       |    29 ||    29
Invok: Heroism           |       |       |       |     7 |     3 ||    10
       Finesse           |       |       |       |     2 |     1 ||     3
 Abil: Evoke Blink       |       |       |       |       |     2 ||     2
       Evoke Flight      |       |       |       |       |     1 ||     1
  Use: Potion            |     2 |       |       |     1 |     4 ||     7
       Scroll            |       |       |    12 |     4 |    13 ||    29
 Stab: Distracted        |       |       |       |     4 |     5 ||     9
  Eat: Chunk             |       |     7 |    12 |     8 |    23 ||    50
       Ration            |       |       |       |     5 |     1 ||     6
Armor: Scale mail        |    52 |    10 |       |       |       ||    62
       Chain mail        |       |   106 |    83 |     7 |     4 ||   200
       Ring mail         |       |       |       |    78 |       ||    78
       Troll leather arm |       |       |       |    30 |    36 ||    66
       Plate armour      |       |       |       |       |   407 ||   407
Dodge: Dodged            |    33 |    60 |    44 |   168 |   243 ||   548
Block: Shield            |    67 |   120 |    69 |       |       ||   256
       Buckler           |       |       |    11 |   113 |    28 ||   152
       Large shield      |       |       |       |       |   807 ||   807

Table legend:
 A = Non-vault XP
 B = Vault XP
 C = Vault XP percentage of total XP
 D = Non-vault monster count
 E = Vault monster count
 F = Vault count percentage of total count
                 A         B        C        D         E       F
            +---------+---------+-------+---------+---------+-------
      Total |   48961 |   52734 |  51.9 |     439 |     213 |  32.7
            +---------+---------+-------+---------+---------+-------
        D:1 |      41 |       0 |   0.0 |      23 |       0 |   0.0
        D:2 |     235 |       0 |   0.0 |      24 |       0 |   0.0
        D:3 |     227 |       4 |   1.7 |      29 |       2 |   6.5
        D:4 |     360 |     130 |  26.5 |      20 |       6 |  23.1
        D:5 |     423 |       0 |   0.0 |      18 |       0 |   0.0
        D:6 |     628 |       0 |   0.0 |      27 |       0 |   0.0
        D:7 |    1108 |     307 |  21.7 |      25 |       2 |   7.4
        D:8 |     924 |    2772 |  75.0 |      13 |       8 |  38.1
        D:9 |    1242 |     486 |  28.1 |      18 |       1 |   5.3
       D:10 |    3461 |     912 |  20.9 |      33 |       1 |   2.9
       D:11 |    8215 |    4247 |  34.1 |      40 |      18 |  31.0
       D:12 |    3665 |     855 |  18.9 |      30 |      19 |  38.8
     Lair:1 |    1729 |    4943 |  74.1 |       6 |      13 |  68.4
     Lair:2 |    2858 |    6088 |  68.1 |      12 |      11 |  47.8
     Lair:3 |    1900 |    5812 |  75.4 |       9 |      19 |  67.9
     Lair:4 |    3365 |    1434 |  29.9 |      21 |       2 |   8.7
     Lair:5 |    6261 |    1697 |  21.3 |      25 |      15 |  37.5
     Lair:6 |    8832 |   10993 |  55.5 |      33 |      51 |  60.7
      Orc:1 |    2256 |       0 |   0.0 |      32 |       0 |   0.0
        Lab |    1231 |    2366 |  65.8 |       1 |       9 |  90.0
      IceCv |       0 |    9688 | 100.0 |       0 |      36 | 100.0
            +---------+---------+-------+---------+---------+-------
